 Dungeon Crawl Stone Soup version 0.27-a0-978-g2aa4ecdaef (webtiles) character file.

Game seed: 13073915303528815684

18334 tardwrangler69 the Nimble (level 12, -6/98 (106) HPs)
             Began as a Purple Draconian Ice Elementalist on Apr 14, 2021.
             Was a Believer of Vehumet.
             Mangled by a spectral eight-headed hydra (8 damage)
             ... in a Gauntlet.
             The game lasted 00:30:19 (18631 turns).

tardwrangler69 the Nimble (DrIE)                   Turns: 18631, Time: 00:30:20

HP:   -6/98 (106)   AC: 11    Str: 18    XL:     12   Next: 26%
MP:   16/19         EV: 21    Int: 23    God:    Vehumet [**....]
Gold: 927           SH:  0    Dex: 12    Spells: 6/21 levels left

rFire    . . .     SeeInvis .   v - +8 bardiche of Earthquakes {freeze, *Slow rCorr Int+4}
rCold    . . .     Faith    .   (shield currently unavailable)
rNeg     . . .     Spirit   .   (armour unavailable)
rPois    .         Reflect  .   (helmet restricted)
rElec    .         Harm     .   (no cloak)
rCorr    +         Rampage  .   g - +0 pair of gloves
Will     +....     NoTele   +   D - +1 pair of boots
Stlth    ++........             (no amulet)
HPRegen  0.26/turn              M - +4 ring of evasion
MPRegen  0.16/turn              y - +6 ring of strength

@: freezing walls, very slightly contaminated, slowed, drained, invisible
(expiring), very slow
A: breathe power, AC +8, unfitting armour, cold-blooded
a: Breathe Dispelling Energy, Renounce Religion


You were in a Gauntlet.
You worshipped Vehumet.
Vehumet was pleased with you.
You visited 3 branches of the dungeon, and saw 15 of its levels.
You also visited: Gauntlet.

You collected 1047 gold pieces.
You spent 120 gold pieces at shops.

Inventory:

Hand Weapons
 v - the +8 bardiche of Earthquakes (weapon) {freeze, *Slow rCorr Int+4}
   (You found it on level 6 of the Dungeon)

   It has been specially enchanted to freeze those struck by it, causing extra
   injury to most foes and up to half again as much damage against particularly
   susceptible opponents.
   It can also slow down cold-blooded creatures.
   It affects your intelligence (+4).
   It protects you from acid and corrosion.
   It may slow you when you take damage.
 H - a +4 trident of venom
Missiles
 u - 311 stones
Armour
 g - a +0 pair of gloves (worn)
 m - a +1 buckler of fire resistance
 D - a +1 pair of boots (worn)
 T - the +0 pair of boots of the Evening Star {rC+ Will- Regen+ Str+3}
   (You found it in a Gauntlet)

   It affects your strength (+3).
   It protects you from cold.
   It increases your rate of health regeneration.
   It decreases your willpower.
Jewellery
 e - a +6 ring of intelligence
 h - a ring of resist corrosion
 y - a +6 ring of strength (right hand)
 A - a +6 ring of strength
 C - a ring of flight
 E - the ring of Mistrust {rF+ Will+ Dex+2}
   (You took it off a gnoll on level 7 of the Dungeon)

   [ring of willpower]

   It affects your dexterity (+2).
   It protects you from fire.
   It increases your willpower.
 G - an amulet of guardian spirit
 I - a +6 ring of dexterity
 M - a +4 ring of evasion (left hand)
 R - a ring of wizardry
 U - the ring of Ahesakk {Str+6 Dex+4}
   (You found it in a Gauntlet)

   [ring of strength]

   It affects your strength (+6).
   It affects your dexterity (+4).
Wands
 o - a wand of flame (12)
 q - a wand of iceblast (22)
 x - a wand of polymorph (28)
 F - a wand of charming (9)
 J - a wand of mindburst (13)
 K - a wand of digging (5)
Scrolls
 a - a scroll of summoning
 d - 6 scrolls of identify
 f - 3 scrolls of enchant weapon
 j - 4 scrolls of amnesia
 l - 4 scrolls of fear
 p - a scroll of enchant armour
 N - 2 scrolls of brand weapon
 P - 4 scrolls of magic mapping
 S - a scroll of holy word
Potions
 b - 3 potions of mutation
 c - 5 potions of heal wounds
 i - 2 potions of berserk rage
 k - a potion of haste
 n - 3 potions of brilliance
 r - 5 potions of degeneration
 s - 2 potions of attraction
 t - 3 potions of curing
 w - a potion of flight
 z - a potion of magic
 B - 3 potions of cancellation
 L - a potion of lignification
 O - a potion of might {unknown}
 Q - a potion of invisibility


   Skills:
 + Level 9.8 Fighting
 - Level 12.7 Dodging
 - Level 1.7 Stealth
 - Level 4.0 Shields
 + Level 5.1 Spellcasting
 + Level 7.6 Ice Magic
 - Level 11.4 Earth Magic


You had 6 spell levels left.
You knew the following spells:

 Your Spells              Type           Power      Damage    Failure   Level
b - Frozen Ramparts       Ice            82%        1d10      1%          3
c - Ozocubu's Armour      Ice            41%        N/A       1%          3
d - Sandblast             Erth           100%       2d20      1%          1
e - Stone Arrow           Conj/Erth      64%        3d11      2%          3
f - Lee's Rapid Deconstr  Erth           28%        3d16*     2%          5

Your spell library contained the following spells:

 Spells                   Type           Power      Damage    Failure   Level
 Static Discharge         Conj/Air       5%         N/A       14%         2
 Freeze                   Ice            100%       1d11      1%          1
 Passwall                 Tmut/Erth      26%        N/A       1%          2
 Ensorcelled Hibernation  Hex/Ice        46%        N/A       3%          2
 Petrify                  Tmut/Erth      32%        N/A       9%          4
 Apportation              Tloc           10%        N/A       10%         1
 Magic Dart               Conj           20%        1d4       10%         1
 Call Imp                 Summ           5%         N/A       14%         2
 Searing Ray              Conj           10%        3d3       14%         2
 Hailstorm                Conj/Ice       23%        3d7       19%         4
 Confusing Touch          Hex            5%         N/A       28%         3
 Dazzling Flash           Conj/Hex       10%        N/A       28%         3
 Gell's Gravitas          Tloc           2%         N/A       28%         3
 Lesser Beckoning         Tloc           2%         N/A       28%         3
 Tukima's Dance           Hex            5%         N/A       28%         3
 Metabolic Englaciation   Hex/Ice        11%        N/A       47%         5
 Fulminant Prism          Conj/Hex       2%         3d6       67%         4
 Iskenderun's Mystic Bla  Conj/Tloc      5%         2d3       67%         4
 Alistair's Intoxication  Tmut/Pois      3%         N/A       95%         5
 Yara's Violent Unravell  Hex/Tmut       2%         3d3       95%         5
 Invisibility             Hex            5%         N/A       100%        6
 Shadow Creatures         Summ           N/A        N/A       100%        6
 Ozocubu's Refrigeration  Ice            20%        4d9       98%         7


Dungeon Overview and Level Annotations

Branches:
Dungeon (11/15)            Temple (1/1) D:6            Lair (3/6) D:10
 Shoals (0/4) Lair:3       Spider (0/4) Lair:2          Orc (0/2) D:11
Gauntlet (1/1)

Altars:
Ashenzari
Cheibriados
Dithmenos
Elyvilon
Fedhas
Gozag
Hepliaklqana
Kikubaaqudgha
Makhleb
Nemelex Xobeh
Okawaru
Qazlal
Ru
Sif Muna
Trog
Uskayaw
Vehumet
Wu Jian
Xom
Yredelemnul
Zin
The Shining One

Shops:
D:3 =   D:4 [

Annotations:
D:6 exclusion: downstairs
D:11 Demosthentine's ghost, journeyman MfGl Gauntlet 10 transporters


Innate Abilities, Weirdness & Mutations

You can breathe bolts of dispelling energy.
Your rich purple scales are hard. (AC +8)
You cannot fit into any form of body armour.
You are cold-blooded and may be slowed by cold attacks.


Message History

The spectral eight-headed hydra closely misses you.
The spectral eight-headed hydra bites you. x2
The spectral eight-headed hydra misses you.
The spectral eight-headed hydra completely misses you.
The spectral eight-headed hydra bites you.
You feel drained.
The spectral eight-headed hydra bites you. x2
Casting: Ozocubu's Armour (safe; 1% risk of failure)
Confirm with . or Enter, or press ? or * to list all spells.
Casting: Frozen Ramparts (safe; 1% risk of failure)
Press: ? - help, Dir - look around, f - activate A transporter landing site, spattered with blood.
The walls around you are covered in ice.
The spectral six-headed hydra resists.
The wall freezes the spectral six-headed hydra.
The spectral six-headed hydra closely misses you.
The spectral six-headed hydra bites you!
* * * LOW HITPOINT WARNING * * *
The spectral six-headed hydra barely misses you.
The spectral six-headed hydra bites you.
* * * LOW HITPOINT WARNING * * *
You feel drained.
* * * LOW HITPOINT WARNING * * *
You feel yourself slow down.
The spectral six-headed hydra bites you.
* * * LOW HITPOINT WARNING * * *
You feel drained.
* * * LOW HITPOINT WARNING * * *
The spectral six-headed hydra bites you but does no damage.
The spectral eight-headed hydra resists.
The wall freezes the spectral eight-headed hydra.
The spectral eight-headed hydra bites you.
* * * LOW HITPOINT WARNING * * *
The spectral eight-headed hydra bites you but does no damage. x2
The spectral eight-headed hydra bites you.
* * * LOW HITPOINT WARNING * * *
The spectral eight-headed hydra closely misses you.
The spectral eight-headed hydra misses you.
The spectral eight-headed hydra bites you!
You die...

###############################
###§...........................≈#
#8#§§...........................#
###..###########...###########..#
#..#.........#.8.#...≈≈...=#..#
###..#.##...##.#...#.≈≈..≈≈≈.#..#
#8#..#.#.#.#.#[#####≈..≈..≈.≈#..#
###..#..##.##.!#Z..#≈.≈.≈≈..(#..#
#.§#B.#.©.#.©#@.©#.≈≈.©≈..©#..#
###..#BZ##.##.Z#.Z.#...3≈≈.≈.#..#
#8#..#.#.#.#.#.#####..≈≈..≈..#..#
###..#.##.Z.##.#...#≈≈≈.≈≈.≈≈#..#
#..#.........#...#3...≈33.:#..#
###..###########...###########..#
#8#≈.............≈.............≈#
###∩...∩........≈8≈...........§§#
#≈.............≈............§§#


You could see a spectral komodo dragon, a spectral black mamba, a spectral
eight-headed hydra, a spectral six-headed hydra and 2 sixfirhies.

Vanquished Creatures
  3 hydras
  A two-headed ogre (D:11)
  The ghost of HilariousDeathArtist the Fighter, a novice MiWr of Qazlal (D:7)
  Pikel (D:7)
  An orb spider (Lair:2)
  A cyclops (D:11)
  2 black mambas (Lair:1)
  6 cane toads
  A gargoyle (D:11)
  An unseen horror (D:11)
  A komodo dragon (Lair:3)
  Grinder (D:4)
  Prince Ribbit (D:7)
  2 wraiths
  A shadow (D:11)
  2 vampires (D:10)
  19 yaks
  2 centaur simulacra (D:11)
  3 basilisks
  7 vampire mosquitoes (D:11)
  8 water moccasins
  Duvessa (D:7)
  8 orc warriors
  A meliai simulacrum (D:11)
  3 ice beasts (D:11)
  A necrophage (D:5)
  3 lemures
  3 kobold brigands
  14 bullfrogs
  5 gnoll sergeants
  Dowan (D:7)
  4 scorpions
  7 wights
  2 howler monkeys
  A centaur zombie (D:7)
  2 bullfrog zombies
  5 hounds
  A jelly (D:6)
  2 bullfrog skeletons
  A gnoll shaman (D:7)
  2 orc priests
  A centaur skeleton (D:5)
  5 iguanas
  Jessica (D:2)
  Ijyb (D:5)
  4 orc wizards
  A killer bee zombie (D:9)
  A hound skeleton (D:4)
  A howler monkey zombie (D:10)
  Robin (D:4)
  9 gnolls
  8 adders
  A shadow imp (D:7)
  4 white imps
  4 worms
  4 dart slugs
  28 orcs
  3 bats
  3 endoplasms
  6 giant cockroaches
  14 goblins
  7 hobgoblins
  6 jackals
  4 quokkas
  9 ball pythons
  6 frilled lizards
  21 kobolds
  3 rats
288 creatures vanquished.

Vanquished Creatures (others)
  8 fungi
  25 plants
33 creatures vanquished.

Grand Total: 321 creatures vanquished

Notes
Turn   | Place    | Note
-------+----------+-------------------------------------------
     0 | D:1      | tardwrangler69 the Draconian Ice Elementalist began the
                  | quest for the Orb.
     0 | D:1      | Reached XP level 1. HP: 14/14 MP: 3/3
   362 | D:1      | Reached XP level 2. HP: 14/20 MP: 5/5
   768 | D:1      | Found a faded altar of an unknown god.
  1289 | D:2      | HP: 1/20 [worm (5)]
  1795 | D:2      | Reached XP level 3. HP: 22/26 MP: 6/6
  1809 | D:2      | Learned a level 3 spell: Frozen Ramparts
  2334 | D:2      | Noticed Jessica
  2342 | D:2      | Reached skill level 5 in Ice Magic
  2343 | D:2      | Killed Jessica
  2344 | D:2      | Reached XP level 4. HP: 16/33 MP: 1/8
  2835 | D:3      | Found a large runed translucent door.
  2836 | D:3      | Found a large runed translucent door.
  2953 | D:3      | Found Kyollec's Jewellery Emporium.
  3672 | D:3      | Found a hazy altar of Hepliaklqana.
  3675 | D:3      | Found a white marble altar of Elyvilon.
  3728 | D:4      | Noticed a scorpion
  3734 | D:4      | Killed a scorpion
  3735 | D:4      | Reached XP level 5. HP: 29/38 MP: 5/10
  3739 | D:4      | Learned a level 3 spell: Ozocubu's Armour
  3951 | D:4      | Noticed Robin
  3958 | D:4      | Killed Robin
  3974 | D:4      | Reached XP level 6. HP: 38/45 MP: 5/11
  4031 | D:4      | Found Meageeg's Antique Armour Boutique.
  4070 | D:4      | Bought a shiny buckler for 120 gold pieces
  4136 | D:4      | Noticed Grinder
  4138 | D:4      | Paralysed by Grinder for 6 turns
  4150 | D:4      | Paralysed by Grinder for 7 turns
  4162 | D:4      | Paralysed by Grinder for 6 turns
  4173 | D:4      | Killed Grinder
  4817 | D:5      | Entered Level 5 of the Dungeon
  4833 | D:5      | Your scales start taking on a rich purple colour.
  4833 | D:5      | Reached XP level 7. HP: 39/50 MP: 11/14
  5077 | D:5      | Found a broken altar of Ashenzari.
  5300 | D:5      | Reached skill level 2 in Dodging
  5300 | D:5      | Reached skill level 5 in Spellcasting
  5393 | D:5      | Reached skill level 1 in Fighting
  5476 | D:5      | Noticed Ijyb
  5489 | D:5      | Killed Ijyb
  5988 | D:6      | Found a staircase to the Ecumenical Temple.
  5997 | D:6      | Reached skill level 3 in Dodging
  5997 | D:6      | Reached XP level 8. HP: 46/63 MP: 8/15
  6146 | Temple   | Entered the Ecumenical Temple
  6441 | D:6      | Reached skill level 4 in Dodging
  6584 | D:6      | Learned a level 1 spell: Sandblast
  6624 | D:6      | Identified the +8 bardiche of Earthquakes {freeze, *Slow
                  | rCorr Int+4}
  7793 | D:7      | Noticed Pikel
  7947 | D:7      | Reached skill level 1 in Earth Magic
  7948 | D:7      | Reached skill level 5 in Fighting
  8227 | D:7      | Noticed Duvessa
  8227 | D:7      | Noticed Dowan
  8233 | D:7      | Killed Duvessa
  8234 | D:7      | Reached skill level 5 in Dodging
  8237 | D:7      | Killed Dowan
  8470 | D:7      | Killed Pikel
  8471 | D:7      | Reached XP level 9. HP: 60/75 MP: 10/16
  8565 | D:7      | Noticed Prince Ribbit
  8589 | D:7      | Killed Prince Ribbit
  8590 | D:7      | Reached skill level 5 in Earth Magic
  8741 | D:7      | Identified the ring of Mistrust {rF+ Will+ Dex+2}
  8755 | D:7      | Found a transporter.
  8804 | D:7      | Found a transporter.
  8819 | D:7      | Noticed HilariousDeathArtist's ghost (novice MiWr)
  9179 | D:7      | Killed HilariousDeathArtist's ghost
  9180 | D:7      | Reached skill level 6 in Dodging
  9483 | D:8      | Reached XP level 10. HP: 62/86 MP: 11/17
  9756 | D:8      | Found an iron altar of Okawaru.
  9851 | D:8      | Reached skill level 7 in Dodging
 10290 | D:8      | Found a burning altar of Makhleb.
 10764 | D:9      | Found a radiant altar of Vehumet.
 10769 | D:9      | Reached skill level 8 in Dodging
 11083 | D:9      | Became a worshipper of Vehumet
 11116 | D:10     | Entered Level 10 of the Dungeon
 11172 | D:10     | Found a staircase to the Lair.
 11658 | D:10     | Found a glowing golden altar of the Shining One.
 11744 | D:10     | Learned a level 3 spell: Stone Arrow
 11750 | D:10     | Learned a level 5 spell: Lee's Rapid Deconstruction
 12283 | D:11     | Reached skill level 9 in Dodging
 12338 | D:11     | Found a runed translucent gate.
 12338 | D:11     | Found a runed translucent gate.
 12343 | D:11     | Found a runed translucent gate.
 12382 | D:11     | Reached * piety under Vehumet
 12382 | D:11     | Offered knowledge of Shock by Vehumet.
 12386 | D:11     | Reached skill level 10 in Earth Magic
 12394 | D:11     | Reached XP level 11. HP: 77/92 MP: 8/18
 12620 | D:11     | Noticed Demosthentine's ghost (journeyman MfGl)
 12897 | D:11     | Noticed a two-headed ogre
 12904 | D:11     | Killed a two-headed ogre
 12905 | D:11     | Reached skill level 10 in Dodging
 13375 | D:11     | Found a staircase to the Orcish Mines.
 14310 | D:11     | Offered knowledge of Static Discharge by Vehumet.
 14499 | Lair:1   | Entered Level 1 of the Lair of Beasts
 14551 | Lair:1   | Reached ** piety under Vehumet
 14626 | Lair:1   | Reached skill level 11 in Dodging
 15909 | Lair:1   | Noticed a four-headed hydra
 15910 | Lair:1   | Noticed an eight-headed hydra
 15915 | Lair:1   | HP: 4/95 [eight-headed hydra (4)]
 15915 | Lair:1   | HP: 1/95 [eight-headed hydra (3)]
 15916 | Lair:1   | Killed a six-headed hydra
 15918 | Lair:1   | Killed an eight-headed hydra
 15935 | Lair:1   | Reached skill level 12 in Dodging
 16351 | Lair:1   | Identified Ewubupp's Grimoire of the Freezing Entourage
 16542 | Lair:1   | Reached XP level 12. HP: 96/104 MP: 17/19
 16838 | Lair:2   | Found a hole to the Spider Nest.
 17351 | Lair:2   | Noticed a four-headed hydra
 17364 | Lair:2   | Killed a five-headed hydra
 18326 | Lair:3   | Found a gate leading to a gauntlet.
 18338 | Gauntlet | Entered a Gauntlet
 18338 | Gauntlet | Found a transporter.
 18338 | Gauntlet | Found a transporter.
 18338 | Gauntlet | Found a transporter.
 18338 | Gauntlet | Found a transporter.
 18338 | Gauntlet | Noticed a death scarab
 18344 | Gauntlet | Noticed a death scarab
 18364 | Gauntlet | Found a transporter.
 18374 | Gauntlet | Found a transporter.
 18440 | Gauntlet | Found a transporter.
 18445 | Gauntlet | Noticed a catoblepas
 18460 | Gauntlet | Found a transporter.
 18465 | Gauntlet | Found a transporter.
 18475 | Gauntlet | Found a transporter.
 18490 | Gauntlet | Found a transporter.
 18496 | Gauntlet | Found a transporter.
 18625 | Gauntlet | Identified the +0 pair of boots of the Evening Star {rC+
                  | Will- Regen+ Str+3}
 18627 | Gauntlet | Identified the ring of Ahesakk {Str+6 Dex+4}
 18631 | Gauntlet | HP: 2/98 [spectral eight-headed hydra (5)]
 18631 | Gauntlet | Mangled by a spectral eight-headed hydra

Illustrated notes

Levels and vault maps discovered:
D:1:      minmay_arrival_checkered_box, layout_loops_corners,
          shapermc_ecumenical_altar_flowoftime
D:2:      layout_basic, skrybe_limestone_x, st_stairs_6, uniq_jessica
D:3:      layout_basic, jmf_multi_god_temple2, serial_shops, shop,
          serial_bayou_pond_a, small_statue_intersection, minivault_26
D:4:      layout_rooms, serial_shops, shop, uniq_robin, uniq_grinder
D:5:      layout_rooms, nicolae_ashenzari_panopticon, uniq_ijyb
D:6:      layout_rooms, minmay_temple_entry_waves
D:7:      layout_gridville, gammafunk_ghost_gnarly_gnolls, grunt_ministairs_3,
          minmay_crossroads, uniq_duvessa, uniq_prince_ribbit1, uniq_pikel
D:8:      layout_basic, kennysheep_little_box, okawaru_metal_pillars_1_2
D:9:      layout_irregular_city, amcnicky_altar_gilded
D:10:     layout_loops_ring, tso_metal_star, dpeg_oklobed_lair
D:11:     layout_stronghold, david_orc_4, gammafunk_ghost_icy
Temple:   regret_index_temple_generic_petals
Lair:1:   layout_cave_pods, nzn_random_ring
Lair:2:   layout_small_grid, nicolae_spider_entry_orb_guardian
Lair:3:   layout_chaotic_city, elwin_shoals_entry_rocks, gauntlet_entry_generic,
          chequers_serial_rivers_small_3, infiniplex_staircase_pool_2,
          lemuel_fruit_tree, serial_bayou_shore_a
Gauntlet: gammafunk_gauntlet_shortcut [gammafunk_gauntlet_arena_corners,
          nicolae_gauntlet_arena_flowing_pool, gammafunk_gauntlet_arena_open,
          gammafunk_gauntlet_arena_spirals, nicolae_gauntlet_arena_quarters,
          gammafunk_gauntlet_arena_split_diamond, gauntlet_exit_watery]

Skill      XL: |  1  2  3  4  5  6  7  8  9 10 11 |
---------------+----------------------------------+-----
Ice Magic      | 5 6 7 |  7.6
Spellcasting   | 3 4 5 |  5.1
Shields        | 2 4 |  4.0
Dodging        | 3 5 6 9 12 | 12.7
Fighting       | 3 6 7 9 |  9.8
Earth Magic    | 4 7 10 11 | 11.4
Stealth        | |  1.7

Action                   |  1- 3 |  4- 6 |  7- 9 | 10-12 || total
-------------------------+-------+-------+-------+-------++-------
Melee: Unarmed           |    39 |       |       |       ||    39
       Tailslap          |    13 |    13 |    16 |    19 ||    61
       Dagger            |    97 |    30 |       |       ||   127
       Trident           |       |    92 |   140 |       ||   232
       Bardiche          |       |       |    79 |   218 ||   297
 Cast: Freeze            |    20 |    10 |     3 |       ||    33
       Frozen Ramparts   |     1 |    12 |    18 |    32 ||    63
       Ozocubu's Armour  |       |     3 |     8 |    26 ||    37
       Sandblast         |       |       |     5 |     4 ||     9
       Lee's Rapid Decon |       |       |       |    13 ||    13
       Stone Arrow       |       |       |       |     3 ||     3
  Use: Scroll            |       |     3 |       |    22 ||    25
       Potion            |       |     1 |     1 |     5 ||     7
 Stab: Sleeping          |     8 |     4 |     3 |       ||    15
       Distracted        |       |       |       |     2 ||     2
Armor: Skin              |    48 |    41 |    72 |    89 ||   250
Dodge: Dodged            |    95 |    79 |   148 |   299 ||   621
Block: Buckler           |       |     8 |    46 |       ||    54

Table legend: (Time is in decaauts)
 A = Elapsed time spent in this place.
 B = Non-inter-level travel time spent in this place.
 C = Inter-level travel time spent in this place.
 D = Time resting spent in this place.
 E = Time spent auto-exploring this place.
 F = Levels seen in this place.
 G = Mean time per level.
                   A        B        C        D        E       F      G
               +--------+--------+--------+--------+--------+-----+--------+
         Total |  19042 |  17787 |   1255 |   1237 |  14140 |  16 | 1190.1 |
       Dungeon |  14585 |  13495 |   1090 |    489 |  11100 |  11 | 1325.9 |
        Temple |    228 |    206 |     22 |      0 |    206 |   1 |  228.0 |
          Lair |   3935 |   3792 |    143 |    748 |   2641 |   3 | 1311.7 |
      Gauntlet |    292 |    292 |      0 |      0 |    193 |   1 |  292.0 |
               +--------+--------+--------+--------+--------+-----+--------+

Top non-repeatable levels by time:
  Lair:1: 2212 daAuts
    D:11: 2053 daAuts
     D:7: 1692 daAuts
     D:1: 1690 daAuts
  Lair:2: 1689 daAuts
    D:10: 1421 daAuts
     D:3: 1254 daAuts
     D:4: 1226 daAuts
     D:2: 1184 daAuts
     D:5: 1166 daAuts
     D:6: 1156 daAuts
     D:8: 993 daAuts
     D:9: 746 daAuts
Gauntlet: 292 daAuts
  Temple: 228 daAuts
